[Event "79th LOTTO Polish-ch 2022"]
[Site "Kruszwica"]
[Date "2022.05.09"]
[Round "1.1"]
[White "Wojtaszek, Radoslaw"]
[Black "Sabuk, Piotr"]
[Result "1-0"]
[ECO "D30"]
[WhiteElo "2696"]
[BlackElo "2420"]
[Annotator "TA"]
[PlyCount "79"]
[EventDate "2022.05.10"]
[EventType "k.o."]
[EventCountry "POL"]
[SourceTitle "playchess.com"]
[Source "ChessBase"]
[SourceQuality "1"]
[TimeControl "40/5400+30:1800+30"]

1. d4 d5 2. c4 e6 3. Nf3 Nf6 4. g3 h6 5. Bg2 Bd6 6. O-O {[%emt 0:00:13] E01: Catalan: Early deviations.} O-O 7. Qc2 b6 8. cxd5 {[%emt 0:02:46] White has an edge.} exd5 9. Nc3 Bb7 10. Nb5 Nc6 {[%emt 0:00:39] [#]} 11. Nxd6 $146 ({Predecessor:} 11. Nh4 Ne7 12. a4 a6 13. Nxd6 cxd6 14. Bd2 Bc8 15. Rfc1 Ra7 16. Ra3 g5 17. Nf3 {1-0 (50) Zakhartsov,V (2486)-Odegov,A (2259) Cheliabinsk 2020}) 11... cxd6 12. Bf4 Qd7 13. Rac1 Rfe8 14. Rfe1 Rac8 15. Qa4 Re4 16. Nd2 (16. h4 $14) 16... Re7 ({Black should play} 16... Rxd4 $11 17. Qa3 a5) 17. Nb1 a6 18. Nc3 b5 19. Qd1 Na5 20. b3 b4 21. Na4 {[%emt 0:00:21] aiming for Rxc8+.} Rxc1 22. Bxc1 Bc6 23. Nb2 Bb5 24. Nd3 Nc6 25. Nf4 Qf5 $1 26. h3 Qb1 27. Qd2 ({Don't play} 27. Bxd5 Qxa2 28. Bg2 g5 29. Bxc6 Bxc6 $11) 27... Ne4 (27... Qf5 $142) 28. Qb2 $16 Qxb2 29. Bxb2 Nc3 $2 {[%emt 0:00:13] A mistake that costs the game.} (29... Nf6 $16 30. Nxd5 Nxd5) 30. Bxc3 $18 bxc3 31. a4 Nxd4 {[%emt 0:03:05][%cal Re7e2] [#] Strongly threatening ...Rxe2.} 32. axb5 {[%emt 0:00:05] Threatens to win with b6.} axb5 33. Kf1 Nxb3 34. Nxd5 Nd2+ 35. Kg1 Ra7 36. Nxc3 b4 37. Ne4 {[%emt 0:00:05] White is clearly winning.} Nc4 38. Rb1 Ra4 39. e3 f5 {[%emt 0:00:30] [#]} 40. Nf6+ $1 {[%emt 0:00:00][%mdl 512] Weighted Error Value: White=0.07 (flawless) /Black=0.23 (precise)} 1-0

[Event "79th LOTTO Polish-ch 2022"]
[Site "Kruszwica"]
[Date "2022.05.10"]
[Round "1.2"]
[White "Piorun, Kacper"]
[Black "Nasuta, Grzegorz"]
[Result "1/2-1/2"]
[ECO "A06"]
[WhiteElo "2635"]
[BlackElo "2511"]
[Annotator "TA"]
[PlyCount "125"]
[EventDate "2022.05.10"]
[EventType "k.o."]
[EventCountry "POL"]
[SourceTitle "playchess.com"]
[Source "ChessBase"]
[SourceQuality "1"]
[TimeControl "40/5400+30:1800+30"]

1. Nf3 d5 2. g3 Bg4 3. Bg2 e6 4. c4 c6 5. cxd5 exd5 6. d3 Nf6 {[%emt 0:00:45] A11: English Opening: 1...c6.} 7. Qb3 {[%emt 0:06:24] [#]} Nbd7 $146 ({Predecessor:} 7... Qb6 8. Qc2 Nbd7 9. O-O Bd6 10. Be3 Qd8 11. Nc3 O-O 12. a3 Re8 13. b4 a5 14. Qb3 axb4 15. axb4 {½-½ (32) Roos,D (2354)-Dittmar,P (2344) Wittelsheim 2013}) 8. h3 (8. Qxb7 $2 Nc5 9. Qxc6+ Bd7 10. Qxa8 Qxa8 $19) 8... Nc5 {[%emt 0:06:19] Black has an edge.} 9. Qc2 Bxf3 10. Bxf3 Ne6 11. Bg2 Bc5 12. Nd2 O-O 13. O-O Re8 14. Nf3 Qb6 15. e3 a5 16. Rb1 a4 17. Bd2 Qa7 18. Rfc1 Nd7 19. Be1 Bd6 20. Bc3 Bc5 21. e4 dxe4 22. dxe4 Ndf8 23. e5 Nd4 24. Bxd4 Bxd4 25. Re1 (25. Nxd4 Qxd4 26. b4 Rxe5 $15) 25... Bc5 26. Bf1 Ne6 27. Bc4 Nd4 28. Nxd4 Bxd4 29. Rbd1 (29. Qf5 b5 30. Bd3 g6 $17) 29... b5 (29... Rxe5 30. Rxe5 Bxe5 31. Rd7 $16) 30. Bd3 g6 31. Kg2 Bxe5 32. Qxc6 Rec8 33. Qf3 Bxb2 (33... Rc5 $5 ) 34. Bxb5 Rd8 {Inhibits Rd7.} 35. h4 a3 36. h5 Rab8 {[%emt 0:00:47] Hoping for ...Rxd1.} 37. Bc4 $40 {[%emt 0:01:33][%mdl 128] White attacks.} Rxd1 38. Rxd1 {[%emt 0:00:10] Black must now prevent hxg6.} Qe7 39. Qg4 Qf6 40. Rd7 Rf8 41. h6 $1 {[%emt 0:04:05][%cal Od7f7] White is more active.} Kh8 42. f4 (42. Qe4 $16) 42... Qc6+ $14 43. Bd5 Qc5 ({Black should try} 43... Qc2+ $14 44. Kh3 Bd4) 44. Kh3 Qc1 {[%emt 0:01:23] [#]} (44... Qc8 $16 {keeps fighting.} 45. Bxf7 (45. Rxf7 Qxg4+ 46. Kxg4 Rxf7 $16) 45... Rd8 46. Rxd8+ Qxd8) 45. Qe2 $1 $18 {[%emt 0:01:35] Intending Qe7 and mate.} ({Don't blunder} 45. Rxf7 $2 Rxf7 46. Qe6 Rf8 $19) 45... Qc5 46. Bxf7 ({Wrong is} 46. Rxf7 $2 Rxf7 47. Bxf7 Qf5+ 48. Qg4 Qxf7 $19) 46... Qc6 {[%emt 0:00:01] [#]} 47. Rd1 Qf6 $1 $14 48. Bb3 g5 49. Qe6 {[%emt 0:00:42][%cal Of4f5] Strongly threatening f5!} gxf4 50. Qxf6+ Bxf6 51. gxf4 {[%emt 0:00:06][%mdl 4096] Endgame Be6 is the strong threat. KRB-KRB} (51. Rd7 $5 ) 51... Bg5 $1 {[%emt 0:00:23] The position is equal.} 52. Rd6 Rxf4 53. Kg3 Rh4 54. Rd5 Rh1 55. Kg2 Rh4 56. Kg3 Rh1 57. Ra5 {[%emt 0:00:13] White threatens Ra8+ and mate.} Bxh6 58. Rxa3 Bd2 59. Bd5 Rh5 60. Rd3 Ba5 61. a4 Rg5+ 62. Kh3 h6 63. Bf3 {[%emt 0:00:14] Weighted Error Value: White=0.08 (flawless) /Black=0.06 (flawless)} 1/2-1/2

[Event "79th LOTTO Polish-ch 2022"]
[Site "Kruszwica"]
[Date "2022.05.10"]
[Round "1.2"]
[White "Bartel, Mateusz"]
[Black "Warakomski, Tomasz"]
[Result "1/2-1/2"]
[ECO "B40"]
[WhiteElo "2619"]
[BlackElo "2534"]
[Annotator "TA"]
[PlyCount "98"]
[EventDate "2022.05.10"]
[EventType "k.o."]
[EventCountry "POL"]
[SourceTitle "playchess.com"]
[Source "ChessBase"]
[SourceQuality "1"]
[TimeControl "40/5400+30:1800+30"]

1. e4 c5 2. Nf3 e6 3. c3 Nf6 4. Bd3 d5 5. e5 Nfd7 6. Bc2 {[%emt 0:00:02] B40: Sicilian: 2...e6, Unusual lines.} d4 7. O-O Nc6 8. Ba4 g5 9. Qe2 Bg7 {[%emt 0:10:15] [#]} 10. Qe4 $146 ({Predecessor:} 10. Bxc6 bxc6 11. h3 h5 12. Qe4 g4 13. hxg4 hxg4 14. Qxg4 Nxe5 15. Nxe5 Bxe5 16. f4 {½-½ (27) Ozen,D (2417)-Rahul,S (2430) Montebelluna 2019}) 10... h5 $1 {[%emt 0:00:22] And now ...g4 would win.} 11. cxd4 g4 12. Ne1 cxd4 ({Black should play} 12... Nxd4 $17 {...Rb8 is the strong threat.} 13. Nc3 O-O) 13. f4 O-O 14. Nd3 {[%emt 0:06:59] Prevents Nc5.} f5 15. Qe2 Qa5 (15... Rf7 $15) 16. Bc2 (16. Bb3 $1 $11) 16... Rd8 17. Na3 b5 18. b4 Nxb4 19. Nxb4 Qxb4 20. Bd3 (20. Qxb5 $11 Rb8 21. Qxb4 Rxb4 22. Bb3) 20... a6 $1 $17 {[%emt 0:04:25] Threatens to win with ...Bb7.} 21. Nc2 Qa4 {[%emt 0:00:04] aiming for ...Bb7.} 22. Ba3 Bf8 {[%emt 0:00:06] Prevents Be7.} 23. Bxf8 Nxf8 24. Qf2 Ng6 25. Rfb1 Bb7 26. Rb4 Qa5 27. a4 Qc7 28. Rxd4 bxa4 29. Raxa4 Rxd4 30. Nxd4 Qd7 31. Rb4 Rd8 {[%emt 0:05:02] [#]} 32. Bc4 $1 Bd5 33. Bxa6 Qc7 {[%emt 0:00:27] Against Rb6} 34. Bf1 Qc1 35. Nxf5 {[%emt 0:02:02] Strongly threatening Ng3.} Bxg2 {[%emt 0:01:46][%mdl 64] Deflection} (35... exf5 36. Qb6 Kg7 37. Qf6+ (37. Qxd8 Qc5+ 38. d4 Qxb4 $14) 37... Kh6 38. Qg5+ (38. Qxd8 Qc5+ 39. d4 Qxb4 $11) 38... Kg7 39. Qf6+ (39. Qxd8 Qc5+ 40. d4 Qxb4 $11) 39... Kh6 40. Qg5+ (40. Qxd8 Qc5+ 41. d4 Qxb4 $11) 40... Kg7 41. Qxd8 (41. Qf6+ Kh6 $11)) (35... exf5 $5 36. Qb6 Kg7 $11) 36. Qxg2 (36. Kxg2 $11 {and White stays safe.} Rxd2 37. Rb8+ Nf8 38. Ne7+ Kf7 39. Be2 $1) 36... Qc5+ $19 37. d4 Qxb4 38. Qc6 {[%emt 0:00:02] [#]} Nxf4 ({Better is} 38... Nf8 $1 $19 39. Qc4 (39. Qc7 $2 Rd7 $19) (39. Nh6+ $2 Kh7 $19) 39... Qd2) 39. Qc7 $132 {[%emt 0:00:19][%csl Gf5][%cal Rc7g7][%mdl 2048] White is not holding back. The position is equal.} Qf8 {[%emt 0:00:41] Inhibits Qg7+.} 40. Nh6+ Qxh6 41. Qxd8+ {[%emt 0:00:52][%mdl 4096] Endgame KQB-KQN} Qf8 42. Qg5+ Kh7 43. h3 gxh3 44. Kh2 Qh6 45. Qe7+ Qg7 46. Qh4 (46. Qf6 Qxf6 47. exf6 h4 $11) 46... Qg4 47. Qe7+ Qg7 48. Qh4 ({Reject} 48. Qf6 Qxf6 49. exf6 h4 $15) 48... Qg4 49. Qe7+ Qg7 {[%emt 0:00:05] Weighted Error Value: White=0.26 (precise) /Black=0.23 (precise)} 1/2-1/2

[Event "79th LOTTO Polish-ch 2022"]
[Site "Kruszwica"]
[Date "2022.05.09"]
[Round "1.2"]
[White "Gajewski, Grzegorz"]
[Black "Janik, Igor"]
[Result "1-0"]
[ECO "B12"]
[WhiteElo "2589"]
[BlackElo "2525"]
[Annotator "TA"]
[PlyCount "73"]
[EventDate "2022.05.10"]
[EventType "k.o."]
[EventCountry "POL"]
[SourceTitle "playchess.com"]
[Source "ChessBase"]
[SourceQuality "1"]
[TimeControl "40/5400+30:1800+30"]

1. e4 c6 2. d4 d5 3. e5 Bf5 4. c4 e6 5. Nc3 Ne7 6. a3 dxc4 {[%emt 0:01:23] B12: Caro-Kann: Advance Variation.} 7. Bxc4 Nd7 8. Nge2 Nb6 {[%emt 0:00:17] The position is equal.} 9. Ba2 h6 10. O-O {[%emt 0:00:09] [#]} Bh7 $146 ({Predecessor:} 10... Qd7 11. Ng3 Rd8 12. Be3 Bh7 13. Qe2 Ned5 14. Nce4 Be7 15. Qg4 Bg6 16. Nh5 O-O {½-½ (32) Ochkoos,J (2360)-Boross Harmer,P (2040) Toronto 1997}) 11. Ng3 Qd7 12. Be3 Nf5 13. Nxf5 Bxf5 14. g4 Bh7 15. f4 O-O-O 16. Qf3 h5 {[%emt 0:11:05] ...hxg4 is the strong threat.} 17. h3 hxg4 18. hxg4 Bd3 19. Rfc1 Kb8 20. Bf2 Bc4 21. Bxc4 Nxc4 22. Ne4 Nb6 ({Black should play} 22... Nxb2 $17 23. Qb3 Qd5 $1 24. Qxd5 Rxd5) 23. Kg2 $1 $15 Be7 24. f5 {[%emt 0:03:40] Active counter play!} (24. Rh1 $11) 24... Bh4 {[%emt 0:05:35] aiming for ...Bxf2.} 25. Bg1 (25. Nc5 $15 Qe7 26. Rh1 Bxf2 27. Qxf2) 25... Nd5 26. Rf1 Be7 (26... Qc7 $17 {Threatens to win with ...exf5.} 27. Rad1 exf5 28. gxf5 Ka8) 27. Bh2 (27. Bf2 $15) 27... Ka8 28. f6 gxf6 29. exf6 Nxf6 30. Nxf6 Qxd4 31. Rad1 Qxb2+ 32. Rf2 {[%emt 0:00:02] Really sharp!} Rxh2+ 33. Kxh2 Qe5+ 34. Kh3 {[%emt 0:03:16] And now Rxd8+ would win.} Bxf6 35. Rxd8+ Bxd8 36. Qxf7 Bc7 $2 {[%emt 0:00:57][%mdl 8192] [#]} (36... a6 $11) 37. Qxc7 $3 {[%emt 0:01:03][%mdl 512] Weighted Error Value: White=0.12 (very precise) /Black=0.14 (very precise)} 1-0

[Event "79th LOTTO Polish-ch 2022"]
[Site "Kruszwica"]
[Date "2022.05.10"]
[Round "1.2"]
[White "Tomczak, Jacek"]
[Black "Licznerski, Lukasz"]
[Result "1-0"]
[ECO "D10"]
[WhiteElo "2584"]
[BlackElo "2439"]
[Annotator "TA"]
[PlyCount "91"]
[EventDate "2022.05.10"]
[EventType "k.o."]
[EventCountry "POL"]
[SourceTitle "playchess.com"]
[Source "ChessBase"]
[SourceQuality "1"]
[TimeControl "40/5400+30:1800+30"]

1. d4 d5 2. c4 c6 3. Nc3 dxc4 4. e3 b5 5. a4 b4 6. Ne4 {[%emt 0:00:12] D10: Slav Defence: 3 cxd5 (without early Nf3) and 3 Nc3.} Qd5 7. Nd2 c3 8. bxc3 {[%emt 0:00:15] The position is equal.} bxc3 9. Nb1 Qa5 10. Qc2 Na6 11. Qxc3 (11. Ba3 {with more complications.} e5 12. Nf3 Bxa3 13. Nxa3 exd4 14. Nc4) 11... Nb4 12. Bd2 e6 13. Nf3 Nf6 14. Ne5 $5 {[%emt 0:00:53][%mdl 4] A promising side line.} Ne4 15. Qc1 Bb7 16. Be2 Be7 (16... f6 $11 {should be considered.} 17. Nc4 Qg5) 17. O-O $14 O-O {[%emt 0:06:33] [#]} 18. f3 $146 (18. Bxb4 $16 Qxb4 19. f3) ({Predecessor:} 18. Bxb4 Qxb4 19. Bf3 Ng5 20. Nxc6 Nxf3+ 21. gxf3 Qd6 22. Nxe7+ Qxe7 23. Nd2 Qf6 24. Qc7 Bxf3 25. Nxf3 Qxf3 {1-0 (60) Can,F (1781)-Akbas,O (1451) Konya 2018}) 18... Nxd2 $11 19. Nxd2 Ba6 20. Bxa6 (20. Nb3 $5 Qb6 21. Bxa6 Qxa6 22. Nc5 $14) 20... Qxa6 21. Ne4 {[%emt 0:00:18] Prevents c5.} Rfc8 22. Nc5 {[%emt 0:03:16] Pair of Knights!} Qa5 23. Qc3 Bxc5 24. dxc5 (24. Qxc5 Qxc5 25. dxc5 Nc2 $11) 24... Qc7 $1 25. e4 {[%emt 0:01:38] Prevents Nd5.} a5 26. Nc4 {[%emt 0:01:23] [#] Strongly threatening Nb6.} Rd8 27. Nd6 Qa7 {[%emt 0:02:12] And now ...Rxd6 would win.} 28. Rfd1 Nd5 29. Qd4 e5 30. Qf2 Nf4 31. Rab1 Ne2+ {[%emt 0:08:42] Black is now going downhill.} 32. Qxe2 $16 Rxd6 33. Rb6 Rad8 34. Rxd6 $18 Rxd6 {[%emt 0:00:01][%mdl 4096] Endgame KQR-KQR} 35. Qa6 {[%emt 0:01:44] [#] White wants to mate with Qc8+.} (35. cxd6 $6 Qxb6+ 36. Kf1 Qd4 $11) 35... Rd1+ 36. Kf2 Qe7 {[%emt 0:00:44] aiming for ...Qh4+.} (36... Rd2+ $2 37. Ke3 Qe7 38. Kxd2 $18) 37. Rb8+ $40 {[%emt 0:00:44][%mdl 128] White is out for blood.} ({And not} 37. Qxa5 h5 38. Rb2 (38. Rxc6 $2 Qh4+ 39. Ke2 Rg1 $19) (38. Qa8+ $2 Kh7 $19) 38... Rh1 $11) 37... Rd8 38. Qb6 {[%emt 0:00:22] Active counter play!} Rf8 (38... Qh4+ 39. Ke2 Rf8 40. Rxf8+ Kxf8 41. Qb8+ Ke7 42. Qxe5+ Kf8 43. Qb8+ Ke7 44. Qd6+ Ke8 45. Qxc6+ Kf8 46. Qc8+ Ke7 47. Qc7+ Ke8 48. Qc6+ Kf8 49. Qc8+ Ke7 50. Qc7+ Ke8 51. Qc6+ $18) (38... Rxb8 39. Qxb8+ Qf8 40. Qxe5 Qc8) 39. Rxf8+ Kxf8 40. Qxc6 {[%emt 0:00:00] Black must now prevent Qa8+. KQ-KQ} Qh4+ 41. Kf1 Qxh2 $2 (41... Qd8 42. Qd5 Qxd5 43. exd5 Ke7) 42. Qd6+ Ke8 43. c6 Qh1+ 44. Kf2 {[%emt 0:00:06] Threatening mate with Qd7+.} Qh4+ 45. Ke2 {[%emt 0:00:15] White threatens c7 and mate.} Qg5 46. g4 {[%emt 0:02:00] Weighted Error Value: White=0.07 (flawless) /Black=0.40} (46. Qd7+ $142 Kf8 47. Qc8+ Ke7 48. g4 f6 49. Qd7+ Kf8 50. c7 Qc1 51. c8=Q+ Qxc8 52. Qxc8+ Kf7 53. Qd7+ Kf8 54. Kd3) 1-0

[Event "79th LOTTO Polish-ch 2022"]
[Site "Kruszwica"]
[Date "2022.05.10"]
[Round "1.2"]
[White "Teclaf, Pawel"]
[Black "Gumularz, Szymon"]
[Result "1/2-1/2"]
[ECO "B08"]
[WhiteElo "2537"]
[BlackElo "2513"]
[Annotator "TA"]
[PlyCount "61"]
[EventDate "2022.05.10"]
[EventType "k.o."]
[EventCountry "POL"]
[SourceTitle "playchess.com"]
[Source "ChessBase"]
[SourceQuality "1"]
[TimeControl "40/5400+30:1800+30"]

1. e4 d6 2. d4 Nf6 3. Nc3 g6 4. Nf3 Bg7 5. Be3 Bg4 6. h3 Bxf3 7. Qxf3 Nc6 8. O-O-O {[%emt 0:26:53] B00: Queen's Fianchetto Defence, Nimzowitsch Defence.} O-O (8... a6 $142) 9. g4 $16 e5 {[%emt 0:12:38] [#]} 10. dxe5 {[%emt 0:01:57] [#] White is clearly better.} Nd7 $146 {[%emt 0:04:54] [#]} ({Predecessor:} 10... Nxe5 11. Qg2 Nfd7 12. h4 Nc6 13. Nd5 Nb6 14. g5 Nxd5 15. exd5 Ne7 16. Bd3 c6 {½-½ (40) Grinberg,E (2491)-Bachmann,A (2599) Chess.com INT 2020}) 11. exd6 {[%emt 0:18:31] White is more active.} (11. h4 $1 $16) 11... Bxc3 $14 12. bxc3 {[%emt 0:00:09] And now Bh6 would win.} cxd6 $1 13. Bh6 Qa5 14. Bxf8 Rxf8 15. Qe3 Qxa2 (15... Nb6 $1 $11 {is superior.}) 16. Bb5 (16. Kd2 $14) 16... Nb6 {[%emt 0:08:47] Strongly threatening ...Ne5.} 17. Kd2 Ne5 18. Ke1 Qxc2 19. Be2 Rc8 20. Rc1 Qb2 {[%emt 0:01:01] White must now prevent ...Nec4.} 21. Qd2 Qa3 22. Kf1 Nbc4 23. Bxc4 Rxc4 24. Kg2 {[%emt 0:00:26] Inhibits Nf3.} Rxe4 25. Rhd1 {[%emt 0:01:45] aiming for Ra1.} Qa4 26. Qxd6 {[%emt 0:00:52] Rd4 is the strong threat.} Rxg4+ {[%emt 0:00:59] The position is equal.} 27. hxg4 {[%emt 0:00:26] The board is on fire.} Qxg4+ 28. Kf1 $1 Qc4+ 29. Kg1 {[%emt 0:00:59] White threatens Qb8+ and mate.} Qg4+ 30. Kf1 Qc4+ 31. Kg1 {[%emt 0:00:08] Weighted Error Value: White=0.16 (very precise) /Black=0.06 (flawless)} 1/2-1/2

[Event "79th LOTTO Polish-ch 2022"]
[Site "Kruszwica"]
[Date "2022.05.10"]
[Round "1.2"]
[White "Janik, Igor"]
[Black "Gajewski, Grzegorz"]
[Result "1/2-1/2"]
[ECO "C52"]
[WhiteElo "2525"]
[BlackElo "2589"]
[Annotator "TA"]
[PlyCount "108"]
[EventDate "2022.05.10"]
[EventType "k.o."]
[EventCountry "POL"]
[SourceTitle "playchess.com"]
[Source "ChessBase"]
[SourceQuality "1"]
[TimeControl "40/5400+30:1800+30"]

1. e4 e5 2. Nf3 Nc6 3. Bc4 Bc5 4. b4 Bxb4 5. c3 Ba5 6. d4 d6 7. Qb3 Qd7 8. O-O Bb6 {[%emt 0:04:59] C52: Evans Gambit Accepted: 5 c3 Ba5.} 9. Nbd2 $1 {[%emt 0:00:14][%mdl 4] now scores much better than the old 9.Bb5.} (9. Bb5 $5 ) 9... Na5 10. Qb1 (10. Qc2 $5 ) 10... Ne7 {[%emt 0:07:21] Black is slightly better.} 11. dxe5 {[%emt 0:05:13] [#]} Nxc4 $146 ({Predecessor:} 11... O-O 12. Bb5 c6 13. Bd3 Rd8 14. Nc4 Nxc4 15. Bxc4 Ng6 16. Rd1 Qg4 17. Rxd6 Rf8 {1-0 (37) Safarli,E (2593)-Nihal,S (2610) Khanty-Mansiysk 2019}) 12. Nxc4 Qc6 13. exd6 Qxc4 14. dxe7 Bc5 $1 {[%emt 0:00:16] Prevents Ba3.} 15. Ne5 ({White should try} 15. Bg5 $14) 15... Qa4 16. Bg5 {[%emt 0:21:13] [#] aiming for Qd3. Dancing on a razor blade.} f6 $1 17. Nd3 $1 Bxe7 18. Bf4 Qc4 19. Rd1 O-O 20. Qb3 Qxb3 21. axb3 Be6 22. c4 c6 23. Be3 Rfd8 24. Nf4 ({But not} 24. Bxa7 Kf7 25. Ra5 b5 $17) 24... Bf7 25. Rxd8+ Rxd8 26. Bxa7 Ra8 {[%emt 0:04:16][%cal Oe7c5] [#] ...Bc5! is the strong threat.} 27. Bd4 {[%emt 0:03:30] Prevents Bc5.} Rxa1+ 28. Bxa1 $11 {[%emt 0:00:06][%mdl 4096] Endgame KBB-KBN} b5 {[%emt 0:00:46] The position is equal.} 29. cxb5 cxb5 30. Nd5 Bxd5 31. exd5 {[%emt 0:00:07] KB-KB} Bc5 {[%emt 0:00:02] Prevents Bd4.} 32. g4 {[%emt 0:02:30] Black should prevent Kg2.} Kf7 33. Kg2 {[%emt 0:05:29] next Kf3 is good for White.} Ke7 34. Kf3 {[%emt 0:00:05][%cal Og4g5] With the idea g5!} Kd6 35. Ke4 {[%emt 0:00:16] Strongly threatening f3.} Bxf2 36. Bb2 Kd7 37. Ba3 g6 38. Bb2 Ke7 39. Bc3 Bh4 40. Bb4+ Kd7 41. Bc5 Be1 42. Be3 Bb4 43. h4 Be7 44. Bf2 Bd6 45. Be1 Ke7 46. Kd4 Kf7 47. h5 Ke7 48. Ba5 Kd7 49. Bb6 Ke7 50. Bc5 Kd7 51. Bxd6 Kxd6 52. b4 f5 53. gxf5 gxf5 {( -> ...h6)} 54. h6 $1 f4 {Weighted Error Value: White=0.04 (flawless) /Black=0.04 (flawless)} 1/2-1/2

[Event "79th LOTTO Polish-ch 2022"]
[Site "Kruszwica"]
[Date "2022.05.10"]
[Round "1.2"]
[White "Kosakowski, Jakub"]
[Black "Moranda, Wojciech"]
[Result "1/2-1/2"]
[ECO "B12"]
[WhiteElo "2435"]
[BlackElo "2630"]
[Annotator "TA"]
[PlyCount "66"]
[EventDate "2022.05.10"]
[EventType "k.o."]
[EventCountry "POL"]
[SourceTitle "playchess.com"]
[Source "ChessBase"]
[SourceQuality "1"]
[TimeControl "40/5400+30:1800+30"]

1. e4 c6 2. d4 d5 3. e5 Bf5 4. Nf3 e6 5. Be2 c5 6. Be3 Qb6 7. O-O {[%emt 0:02:37] B12: Caro-Kann: Advance Variation.} Qxb2 8. c4 $1 Ne7 ({Don't take} 8... Qxa1 9. Qb3 Nd7 10. Nc3 dxc4 11. Bxc4 Qxf1+ 12. Bxf1 $16) 9. Nbd2 {[%emt 0:01:21][%cal Bb1d2,Bd2b3,Bb3c5,Bc5d3][%mdl 32] [#] Strongly threatening Qa4+.} Nbc6 10. Nb3 dxc4 11. Bxc4 Rd8 12. Nxc5 Nd5 {[%emt 0:00:29] [#] And now ...Bxc5 would win.} 13. Bxd5 $146 ({Predecessor:} 13. Nd3 Qa3 14. Rc1 Be7 15. Qd2 O-O 16. h3 Be4 17. Bb3 Bxf3 18. gxf3 Nb6 19. Qc3 {0-1 (37) Kosteniuk,A (2507)-Kacheishvili,G (2575) Las Vegas 2010}) 13... Rxd5 14. Nd3 Qa3 15. Nf4 Rd7 16. d5 Be4 $1 17. Rb1 Bxd5 ({Of course not} 17... exd5 $6 18. Rb3 Qxa2 19. e6 fxe6 20. Nd4 Nxd4 21. Bxd4 $17) ({Reject} 17... Bxb1 $6 18. Qxb1 exd5 19. e6 fxe6 20. Nxe6 $15) 18. Nxd5 Rxd5 19. Qc2 Qa6 20. Rfd1 Rxd1+ 21. Rxd1 {[%emt 0:00:13][%cal Bb1d1,Bd1d7,Bd7a7][%mdl 32] aiming for Qd2.} Be7 (21... Bb4 $5 ) 22. Nd4 $1 O-O 23. Nxc6 bxc6 24. Rd7 Bb4 25. Rxa7 Qb5 26. a3 Ba5 27. h3 {[%emt 0:01:14] With the idea Qc5.} Rb8 {[%emt 0:04:39] The position is equal.} 28. Qe4 {[%emt 0:09:59] Hoping for a4.} Bb6 29. a4 Qb3 30. Bxb6 Qxb6 31. Rd7 Qb1+ 32. Qxb1 Rxb1+ 33. Kh2 g5 {[%emt 0:04:56] Weighted Error Value: White=0.02 (flawless) /Black=0.02 (flawless)} 1/2-1/2

[Event "79th LOTTO Polish-ch 2022"]
[Site "Kruszwica"]
[Date "2022.05.10"]
[Round "1.2"]
[White "Szpar, Milosz"]
[Black "Socko, Bartosz"]
[Result "0-1"]
[ECO "C02"]
[WhiteElo "2434"]
[BlackElo "2636"]
[Annotator "TA"]
[PlyCount "76"]
[EventDate "2022.05.10"]
[EventType "k.o."]
[EventCountry "POL"]
[SourceTitle "playchess.com"]
[Source "ChessBase"]
[SourceQuality "1"]
[TimeControl "40/5400+30:1800+30"]

1. e4 e6 2. d4 d5 3. e5 c5 4. c3 Nc6 5. Nf3 Bd7 6. Be2 Nge7 7. O-O Ng6 8. Na3 {[%emt 0:03:21] C02: French: Advance Variation.} Be7 9. Nc2 O-O 10. Re1 {[%emt 0:00:30] The position is equal.} cxd4 11. cxd4 Qb6 $5 {[%emt 0:01:40][%mdl 4] [#] An interesting side line.} 12. Bd2 $146 ({Predecessor:} 12. Bd3 f5 13. exf6 Rxf6 14. Ng5 h6 15. Qh5 Be8 16. Nxe6 Nge5 17. Qh3 Nxd3 18. Qxd3 Nb4 {0-1 (18) Zallio,L (2061)-Reis,P (2376) Salvador 2010}) 12... Na5 13. Bc3 Rfc8 14. g3 Bb5 15. h4 Bxe2 16. Rxe2 Nc4 17. h5 Nf8 18. Rb1 h6 19. Nfe1 a5 20. Nd3 Qc7 21. Be1 b5 22. b3 Na3 23. Rc1 {[%emt 0:01:25] Hoping for Nxa3.} Qb6 24. Nxa3 Bxa3 25. Rxc8 Rxc8 26. Rc2 Rxc2 27. Qxc2 Qxd4 28. Bxa5 Qe4 29. Bc7 Nh7 {[%emt 0:04:24] Threatens to win with ...Ng5.} 30. Bd6 {[%emt 0:11:31] [#]} (30. Bb6 $11 {keeps the balance.}) 30... Ng5 $1 $17 {[%emt 0:00:44] ...Nf3+ is the strong threat.} 31. Qd1 ({Wrong is} 31. Bxa3 $2 Nf3+ 32. Kf1 Nd4 $19) 31... Nf3+ 32. Kf1 {[%emt 0:00:05] [#]} b4 $1 {[%emt 0:01:30] 0x0.000a7a3673eedp-1022s more active pieces.} 33. Qe2 $2 {[%emt 0:04:41][%mdl 8192] [#] Loses the game.} (33. Nf4 $17) 33... Nh2+ $1 $19 34. Ke1 Qh1+ 35. Kd2 Nf3+ ({Weaker is} 35... Qa1 36. Qd1 Qxa2+ 37. Ke3 $15) 36. Ke3 d4+ {[%emt 0:00:04] Black mates.} 37. Kf4 Ng1 ({Inferior is} 37... Qxh5 38. g4 g5+ 39. Kxf3 $11) 38. Qg4 Nh3+ {[%emt 0:00:11] Weighted Error Value: White=0.54/Black=0.02 (flawless)} (38... Qg2 $142 39. Qe2 Nxe2+ 40. Kg4 Qe4+ 41. Nf4 Ng1 42. Kh4 Qf5 43. g4 Qxf4 44. Be7 Qxf2#) 0-1